| TOP OF THE 1ST |
|
Mahoning Valley Scrappers batting - Pitching for Staten Island Yankees : LHP Dustin Shaw
|
|
Pitching: LHP Dustin Shaw
|
|
|
Batting: RHB Juan Ordonez
|
0-0: Called Strike 0-1: DOUBLE (Line Drive, 9LM, EV 108.1 MPH)
|
|
Batting: RHB Jose Argueta
|
0-0: Called Strike Juan Ordonez steals 3rd base 0-1: Swinging Strike 0-2: Strikes out looking
|
|
Batting: RHB Kevin Wiles
|
0-0: Ball 1-0: Fly out, F8 (Flyball, 8LD, EV 100.6 MPH) Runner from 3rd tags up, SCORES, throw by CF
|
|
Batting: RHB Ricky Cordova
|
0-0: Ball 1-0: SINGLE (Line Drive, 6M, EV 100.0 MPH)
|
|
Batting: LHB Dave Key
|
0-0: Ball Ricky Cordova is caught stealing 2nd base 2-6
|
| Top of the 1st over - 1 run, 2 hits, 0 errors, 0 left on base; Mahoning Valley 1 - Staten Island 0 |
| BOTTOM OF THE 1ST |
|
Staten Island Yankees batting - Pitching for Mahoning Valley Scrappers : LHP Tony Flores
|
|
Pitching: LHP Tony Flores
|
|
|
Batting: RHB Ben Jennings
|
0-0: Ball 1-0: Ground out 6-3 (Groundball, 6, EV 104.4 MPH)
|
|
Batting: LHB Dario Segura
|
0-0: SINGLE (Line Drive, 78S, EV 106.9 MPH)
|
|
Batting: RHB Pat Pemberton
|
0-0: Called Strike 0-1: Called Strike 0-2: Foul Ball, location: 2F 0-2: Ball 1-2: Strikes out swinging
|
|
Batting: SHB Tadaaki Kondo
|
0-0: Ball 1-0: Called Strike 1-1: Foul Ball, location: 2F 1-2: Ball 2-2: Foul Ball, location: 2F 2-2: Ball 3-2: Foul Ball, location: 2F 3-2: Strikes out looking
|
| Bottom of the 1st over - 0 runs, 1 hit, 0 errors, 1 left on base; Mahoning Valley 1 - Staten Island 0 |
| TOP OF THE 2ND |
|
Mahoning Valley Scrappers batting - Pitching for Staten Island Yankees : LHP Dustin Shaw
|
|
Batting: LHB Dave Key
|
0-0: Ball 1-0: Called Strike 1-1: Ball 2-1: Ground out U3 (Groundball, 34, EV 105.0 MPH)
|
|
Batting: RHB Jonathan Livingston
|
0-0: Ball 1-0: Ball 2-0: Called Strike 2-1: SINGLE (Groundball, 6S, EV 73.8 MPH) (infield hit)
|
|
Batting: RHB Justin Young
|
0-0: Called Strike 0-1: Foul Ball, location: 2F 0-2: Fly out, F7 (Flyball, 7S, EV 88.8 MPH)
|
|
Batting: RHB Aaron Stout
|
0-0: Ball Jonathan Livingston is caught stealing 2nd base 2-4
|
| Top of the 2nd over - 0 runs, 1 hit, 0 errors, 0 left on base; Mahoning Valley 1 - Staten Island 0 |
| BOTTOM OF THE 2ND |
|
Staten Island Yankees batting - Pitching for Mahoning Valley Scrappers : LHP Tony Flores
|
|
Batting: LHB Mike Schermerhorn
|
0-0: Foul Ball, location: 2F 0-1: Ball 1-1: Called Strike 1-2: Strikes out swinging
|
|
Batting: SHB Adam Slade
|
0-0: Ball 1-0: Ball 2-0: Ball 3-0: Called Strike 3-1: Called Strike 3-2: Foul Ball, location: 2F 3-2: Foul Ball, location: 2F 3-2: Ground out 5-3 (Groundball, 5S, EV 86.9 MPH)
|
|
Batting: RHB Danny Ayala
|
0-0: Swinging Strike 0-1: Ball 1-1: Ball 2-1: Ball 3-1: Called Strike 3-2: Base on Balls
|
|
Batting: RHB Norimoto Miyanishi
|
0-0: Fielders Choice at 2nd, 6-4 (Groundball, 6, EV 89.4 MPH)
|
| Bottom of the 2nd over - 0 runs, 0 hits, 0 errors, 1 left on base; Mahoning Valley 1 - Staten Island 0 |
| TOP OF THE 3RD |
|
Mahoning Valley Scrappers batting - Pitching for Staten Island Yankees : LHP Dustin Shaw
|
|
Batting: RHB Aaron Stout
|
0-0: Called Strike 0-1: Ball 1-1: Ball 2-1: Swinging Strike 2-2: Foul Ball, location: 2F 2-2: Strikes out looking
|
|
Batting: RHB Leo Villa
|
0-0: Ball 1-0: Ball 2-0: Called Strike 2-1: Ball 3-1: Foul Ball, location: 2F 3-2: Foul Ball, location: 2F 3-2: Base on Balls
|
|
Batting: RHB Juan Ordonez
|
0-0: Called Strike 0-1: Ball 1-1: Swinging Strike 1-2: Strikes out swinging
|
|
Batting: RHB Jose Argueta
|
0-0: Ball 1-0: Foul Ball, location: 2F 1-1: Foul Ball, location: 2F 1-2: Foul Ball, location: 2F 1-2: Foul Ball, location: 2F 1-2: Ball Wild Pitch! Leo Villa to second 2-2: Foul Ball, location: 2F 2-2: Foul Ball, location: 2F 2-2: SINGLE (Flyball, 7LS, EV 91.2 MPH) Leo Villa to third
|
|
Batting: RHB Kevin Wiles
|
0-0: Called Strike 0-1: Fly out, F9 (Flyball, 89S, EV 92.5 MPH)
|
| Top of the 3rd over - 0 runs, 1 hit, 0 errors, 2 left on base; Mahoning Valley 1 - Staten Island 0 |
| BOTTOM OF THE 3RD |
|
Staten Island Yankees batting - Pitching for Mahoning Valley Scrappers : LHP Tony Flores
|
|
Batting: LHB Danny de Leon
|
0-0: Swinging Strike 0-1: Swinging Strike 0-2: Ball 1-2: Strikes out swinging
|
|
Batting: RHB Ben Jennings
|
0-0: Ball 1-0: Reached via error on a dropped throw from 1B, E1 (Groundball, 34, EV 105.0 MPH)
|
|
Batting: LHB Dario Segura
|
0-0: Ball Ben Jennings is caught stealing 2nd base 2-6 1-0: Foul Ball, location: 2F 1-1: Ball 2-1: Foul Ball, location: 2F 2-2: Ball 3-2: Foul Ball, location: 2F 3-2: Base on Balls
|
|
Batting: RHB Pat Pemberton
|
0-0: Ball 1-0: Called Strike Dario Segura steals 2nd base 1-1: Ball 2-1: Ball 3-1: Reached on error, E6 (Groundball, 6, EV 91.9 MPH) Dario Segura to third
|
|
Batting: SHB Tadaaki Kondo
|
0-0: Ball 1-0: Ball 2-0: Fly out, F9 (Flyball, 9S, EV 95.0 MPH)
|
| Bottom of the 3rd over - 0 runs, 0 hits, 2 errors, 2 left on base; Mahoning Valley 1 - Staten Island 0 |
| TOP OF THE 4TH |
|
Mahoning Valley Scrappers batting - Pitching for Staten Island Yankees : LHP Dustin Shaw
|
|
Batting: RHB Ricky Cordova
|
0-0: Swinging Strike 0-1: Fly out, F9 (Flyball, 9, EV 81.9 MPH)
|
|
Batting: LHB Dave Key
|
0-0: Ball 1-0: SINGLE (Groundball, 34D, EV 99.4 MPH)
|
|
Batting: RHB Jonathan Livingston
|
0-0: Ball 1-0: Ball 2-0: Ball 3-0: Called Strike 3-1: Foul Ball, location: 2F 3-2: Foul Ball, location: 2F 3-2: Foul Ball, location: 2F 3-2: Foul Ball, location: 2F 3-2: Strikes out swinging
|
|
Batting: RHB Justin Young
|
0-0: Ball 1-0: Foul Ball, location: 2F 1-1: Ball Wild Pitch! Dave Key to second 2-1: Swinging Strike 2-2: SINGLE (Groundball, 6MD, EV 98.1 MPH) Dave Key to third Runner from 3rd tries for Home, SAFE, throw by CF to home Justin Young to second
|
|
Batting: RHB Aaron Stout
|
0-0: Swinging Strike 0-1: Ball 1-1: DOUBLE (Groundball, 5L, EV 101.9 MPH) Justin Young scores
|
|
Batting: RHB Leo Villa
|
0-0: Called Strike 0-1: Ball 1-1: Ball 2-1: Foul Ball, location: 2F 2-2: Foul Ball, location: 2F 2-2: Strikes out swinging
|
| Top of the 4th over - 2 runs, 3 hits, 0 errors, 1 left on base; Mahoning Valley 3 - Staten Island 0 |
| BOTTOM OF THE 4TH |
|
Staten Island Yankees batting - Pitching for Mahoning Valley Scrappers : LHP Tony Flores
|
|
Batting: LHB Mike Schermerhorn
|
0-0: Fly out, F8 (Line Drive, 8RM, EV 90.6 MPH)
|
|
Batting: SHB Adam Slade
|
0-0: Ball 1-0: Swinging Strike 1-1: Ball 2-1: Swinging Strike 2-2: Strikes out swinging, 2-3 out at first.
|
|
Batting: RHB Danny Ayala
|
0-0: Fly out, F8 (Flyball, 8RM, EV 96.2 MPH)
|
| Bottom of the 4th over - 0 runs, 0 hits, 0 errors, 0 left on base; Mahoning Valley 3 - Staten Island 0 |
| TOP OF THE 5TH |
|
Mahoning Valley Scrappers batting - Pitching for Staten Island Yankees : LHP Dustin Shaw
|
|
Pitching: RHP Nate LaCava
|
|
|
Batting: RHB Juan Ordonez
|
0-0: Called Strike 0-1: Called Strike 0-2: Foul Ball, location: 2F 0-2: Ball 1-2: Reached on error, E3 (Groundball, 3, EV 103.8 MPH)
|
|
Batting: RHB Jose Argueta
|
0-0: Ball Juan Ordonez steals 2nd base (no throw) 1-0: Ball 2-0: Called Strike Juan Ordonez steals 3rd base 2-1: Ball 3-1: Called Strike 3-2: Reached on error, E4 (Groundball, 34, EV 76.9 MPH) Juan Ordonez scores
|
|
Batting: RHB Kevin Wiles
|
0-0: Called Strike 0-1: Called Strike 0-2: Fly out, F8 (Flyball, 89XD, EV 108.1 MPH)
|
|
Batting: RHB Ricky Cordova
|
0-0: Ball 1-0: Ball 2-0: Called Strike Jose Argueta steals 2nd base 2-1: 2-RUN HOME RUN (Line Drive, 7LD, EV 96.2 MPH), Distance : 353 ft
|
|
Batting: LHB Dave Key
|
0-0: Swinging Strike 0-1: Foul Ball, location: 2F 0-2: Ball 1-2: Strikes out looking
|
|
Batting: RHB Jonathan Livingston
|
0-0: Swinging Strike 0-1: Ball 1-1: Foul Ball, location: 2F 1-2: Strikes out swinging
|
| Top of the 5th over - 3 runs, 1 hit, 2 errors, 0 left on base; Mahoning Valley 6 - Staten Island 0 |
| BOTTOM OF THE 5TH |
|
Staten Island Yankees batting - Pitching for Mahoning Valley Scrappers : LHP Tony Flores
|
|
Batting: RHB Norimoto Miyanishi
|
0-0: Called Strike 0-1: SINGLE (Groundball, 56, EV 100.0 MPH)
|
|
Batting: LHB Danny de Leon
|
0-0: Ball Balk! Norimoto Miyanishi to second 1-0: DOUBLE (Flyball, 78D, EV 95.6 MPH) Norimoto Miyanishi scores
|
|
Batting: RHB Ben Jennings
|
0-0: Ball 1-0: Called Strike 1-1: Ball 2-1: Ball 3-1: Foul Ball, location: 2F 3-2: Foul Ball, location: 2F 3-2: Ground out 5-3 (Groundball, 56S, EV 86.2 MPH)
|
|
Batting: LHB Dario Segura
|
0-0: Ball 1-0: Fly out, F6 (Line Drive, 6, EV 72.5 MPH)
|
|
Batting: RHB Pat Pemberton
|
0-0: Ball 1-0: Ball 2-0: Ball 3-0: Base on Balls
|
|
Batting: SHB Tadaaki Kondo
|
0-0: Ball 1-0: Fly out, F7 (Line Drive, 78M, EV 95.0 MPH)
|
| Bottom of the 5th over - 1 run, 2 hits, 0 errors, 2 left on base; Mahoning Valley 6 - Staten Island 1 |
| TOP OF THE 6TH |
|
Mahoning Valley Scrappers batting - Pitching for Staten Island Yankees : RHP Nate LaCava
|
|
Batting: RHB Justin Young
|
0-0: Ball 1-0: Foul Ball, location: 2F 1-1: Foul Ball, location: 2F 1-2: Foul Ball, location: 2F 1-2: Ball 2-2: Strikes out looking
|
|
Batting: RHB Aaron Stout
|
0-0: Ball 1-0: SOLO HOME RUN (Line Drive, 7LD, EV 91.9 MPH), Distance : 345 ft
|
|
Batting: RHB Leo Villa
|
0-0: Ball 1-0: Called Strike 1-1: Ball 2-1: Ball 3-1: SOLO HOME RUN (Flyball, 9LD, EV 98.1 MPH), Distance : 340 ft
|
|
Batting: RHB Juan Ordonez
|
0-0: Ground out 5-3 (Groundball, 56, EV 84.4 MPH)
|
|
Batting: RHB Jose Argueta
|
0-0: Ball 1-0: SINGLE (Groundball, 25, EV 68.8 MPH) (infield hit)
|
|
Batting: RHB Kevin Wiles
|
0-0: Fielders Choice at 2nd, 5-4 (Groundball, 56, EV 100.6 MPH)
|
| Top of the 6th over - 2 runs, 3 hits, 0 errors, 1 left on base; Mahoning Valley 8 - Staten Island 1 |
| BOTTOM OF THE 6TH |
|
Staten Island Yankees batting - Pitching for Mahoning Valley Scrappers : LHP Tony Flores
|
|
Batting: LHB Mike Schermerhorn
|
0-0: Ball 1-0: Ground out 4-3 (Groundball, 4, EV 86.2 MPH)
|
|
Batting: SHB Adam Slade
|
0-0: Ball 1-0: Swinging Strike 1-1: SINGLE (Groundball, 56S, EV 69.4 MPH) (infield hit)
|
|
Batting: RHB Danny Ayala
|
0-0: Called Strike 0-1: Ball 1-1: SINGLE (Line Drive, 34D, EV 98.8 MPH) Adam Slade to second Runner from 2nd tries for 3rd, SAFE, throw by RF made to third
|
|
Batting: RHB Norimoto Miyanishi
|
0-0: Called Strike 0-1: Called Strike Danny Ayala steals 2nd base 0-2: Ball 1-2: Fly out, F9 (Flyball, 9LM, EV 89.4 MPH)
|
|
Batting: LHB Danny de Leon
|
0-0: Called Strike 0-1: Foul Ball, location: 2F 0-2: Ball Passed Ball! Adam Slade scores Danny Ayala to third 1-2: Strikes out swinging
|
| Bottom of the 6th over - 1 run, 2 hits, 0 errors, 1 left on base; Mahoning Valley 8 - Staten Island 2 |
| TOP OF THE 7TH |
|
Mahoning Valley Scrappers batting - Pitching for Staten Island Yankees : RHP Nate LaCava
|
|
Batting: RHB Ricky Cordova
|
0-0: Called Strike 0-1: Ball 1-1: Ground out 5-3 (Groundball, 56S, EV 91.9 MPH)
|
|
Batting: LHB Dave Key
|
0-0: SINGLE (Groundball, 13S, EV 67.5 MPH) (infield hit)
|
|
Batting: RHB Jonathan Livingston
|
0-0: Called Strike 0-1: Ball 1-1: Ball 2-1: Foul Ball, location: 2F 2-2: Ball 3-2: Strikes out swinging
|
|
Batting: RHB Justin Young
|
Pickoff Throw to First - Error! E1 Dave Key to second 0-0: Ball 1-0: Called Strike 1-1: Called Strike 1-2: Ball 2-2: Ball 3-2: Foul Ball, location: 2F 3-2: Base on Balls
|
|
Batting: RHB Aaron Stout
|
0-0: Ground out 5-3 (Groundball, 56S, EV 70.0 MPH)
|
| Top of the 7th over - 0 runs, 1 hit, 1 error, 2 left on base; Mahoning Valley 8 - Staten Island 2 |
| BOTTOM OF THE 7TH |
|
Staten Island Yankees batting - Pitching for Mahoning Valley Scrappers : LHP Tony Flores
|
|
Now in RF: Jaquan Brown
|
|
|
Batting: RHB Ben Jennings
|
0-0: Ball 1-0: Called Strike 1-1: Ball 2-1: Ball 3-1: Foul Ball, location: 2F 3-2: Strikes out swinging
|
|
Pitching: RHP Mike Borell
|
|
|
Batting: LHB Dario Segura
|
0-0: Swinging Strike 0-1: Ball 1-1: Swinging Strike 1-2: Foul Ball, location: 2F 1-2: Strikes out looking
|
|
Batting: RHB Pat Pemberton
|
0-0: Called Strike 0-1: Hit by Pitch
|
|
Batting: SHB Tadaaki Kondo
|
0-0: Called Strike 0-1: SINGLE (Line Drive, 78S, EV 100.6 MPH) Pat Pemberton to second Runner from 2nd tries for 3rd, SAFE, throw by CF made to third
|
|
Batting: LHB Mike Schermerhorn
|
0-0: Called Strike 0-1: Ball 1-1: Foul Ball, location: 2F 1-2: Strikes out swinging
|
| Bottom of the 7th over - 0 runs, 1 hit, 0 errors, 2 left on base; Mahoning Valley 8 - Staten Island 2 |
| TOP OF THE 8TH |
|
Mahoning Valley Scrappers batting - Pitching for Staten Island Yankees : RHP Nate LaCava
|
|
Batting: RHB Leo Villa
|
0-0: Called Strike 0-1: Called Strike 0-2: Ball 1-2: Foul Ball, location: 2F 1-2: Fly out, F8 (Flyball, 8RXD, EV 98.1 MPH)
|
|
Batting: RHB Juan Ordonez
|
0-0: Foul Ball, location: 2F 0-1: Fly out, F8 (Line Drive, 8LM, EV 93.8 MPH)
|
|
Batting: RHB Jose Argueta
|
0-0: Ground out 5-3 (Groundball, 56S, EV 86.9 MPH)
|
| Top of the 8th over - 0 runs, 0 hits, 0 errors, 0 left on base; Mahoning Valley 8 - Staten Island 2 |
| BOTTOM OF THE 8TH |
|
Staten Island Yankees batting - Pitching for Mahoning Valley Scrappers : RHP Mike Borell
|
|
Batting: SHB Adam Slade
|
0-0: Ball 1-0: Ball 2-0: Called Strike 2-1: Ball 3-1: Foul Ball, location: 2F 3-2: Ground out 4-3 (Groundball, 4, EV 86.9 MPH)
|
|
Batting: RHB Danny Ayala
|
0-0: Fly out, F9 (Flyball, 89M, EV 76.2 MPH)
|
|
Batting: RHB Norimoto Miyanishi
|
0-0: Ball 1-0: Ground out 6-3 (Groundball, 6, EV 82.5 MPH)
|
| Bottom of the 8th over - 0 runs, 0 hits, 0 errors, 0 left on base; Mahoning Valley 8 - Staten Island 2 |
| TOP OF THE 9TH |
|
Mahoning Valley Scrappers batting - Pitching for Staten Island Yankees : RHP Nate LaCava
|
|
Batting: RHB Kevin Wiles
|
0-0: Foul Ball, location: 2F 0-1: Ball 1-1: Swinging Strike 1-2: Foul Ball, location: 2F 1-2: Foul Ball, location: 2F 1-2: Ball 2-2: SINGLE (Line Drive, 3D, EV 103.8 MPH)
|
|
Pitching: RHP Ben Cunningham
|
|
|
Batting: RHB Ricky Cordova
|
0-0: Ball 1-0: Called Strike Pickoff Throw to First - Out! 1-3 1-1: Ball 2-1: SINGLE (Flyball, 4D, EV 91.2 MPH)
|
|
Batting: LHB Dave Key
|
0-0: Ball 1-0: Ball 2-0: Called Strike Ricky Cordova is caught stealing 2nd base 2-6 2-1: Foul Ball, location: 2F 2-2: Foul Ball, location: 2F 2-2: Ball 3-2: Foul Ball, location: 2F 3-2: Fly out, F8 (Flyball, 8RS, EV 86.2 MPH)
|
| Top of the 9th over - 0 runs, 2 hits, 0 errors, 0 left on base; Mahoning Valley 8 - Staten Island 2 |
| BOTTOM OF THE 9TH |
|
Staten Island Yankees batting - Pitching for Mahoning Valley Scrappers : RHP Mike Borell
|
|
Batting: LHB Danny de Leon
|
0-0: Foul Ball, location: 2F 0-1: Called Strike 0-2: Strikes out swinging
|
|
Batting: RHB Ben Jennings
|
0-0: SINGLE (Groundball, 4, EV 95.0 MPH)
|
|
Batting: LHB Dario Segura
|
0-0: Ball 1-0: Ball 2-0: Foul Ball, location: 2F 2-1: Foul Ball, location: 2F 2-2: Fly out, F8 (Flyball, 8RD, EV 83.1 MPH)
|
|
Batting: RHB Pat Pemberton
|
0-0: Ball 1-0: Ball 2-0: Ball 3-0: Base on Balls Ben Jennings to second
|
|
Batting: SHB Tadaaki Kondo
|
0-0: Ball 1-0: Called Strike 1-1: Foul Ball, location: 2F 1-2: Ball 2-2: Strikes out swinging
|
| Bottom of the 9th over - 0 runs, 1 hit, 0 errors, 2 left on base; Mahoning Valley 8 - Staten Island 2 |
|